 Dungeon Crawl Stone Soup version 0.20-a0-854-g0cc194a (webtiles) character file.

98791 nikopol the Warrior (level 15, 0/211 HPs)
             Began as a Minotaur Berserker on Mar 11, 2017.
             Was the Champion of Trog.
             Slain by a shock serpent (13 damage)
             ... on level 1 of the Snake Pit.
             The game lasted 01:06:41 (25615 turns).

nikopol the Warrior (Minotaur Berserker)           Turns: 25615, Time: 01:06:42

Health: 0/211      AC: 23    Str: 32    XL:     15   Next: 75%
Magic:  7/14       EV: 18    Int:  4    God:    Trog [******]
Gold:   2527       SH:  9    Dex: 15    Spells: 14/14 levels left

rFire    + + .     SeeInvis .   O - +10 demon trident of Peace {vamp, MR+ Dex+4}
rCold    . . .     Gourm    .   f - +3 chain mail {rF+}
rNeg     . . .     Faith    .   T - +1 buckler {rF+}
rPois    +         Spirit   .   R - +1 hat
rElec    .         Reflect  .   L - +0 cloak
rCorr    .         Harm     .   w - +0 pair of gloves
MR       +++..                  n - +1 pair of boots
Stlth    ..........             (no amulet)
Regen    0.5/turn               Q - ring of poison resistance
MPRegen  0.2/turn               y - ring of protection from magic

@: berserking (expiring), lethally poisoned (0 -> -2), starving, very quick
A: retaliatory headbutt, horns 2
a: Berserk, Trog's Hand, Brothers in Arms, Burn Spellbooks, Renounce Religion


You were on level 1 of the Snake Pit.
You worshipped Trog.
Trog was exalted by your worship.
You were starving.

You visited 4 branches of the dungeon, and saw 25 of its levels.
You also visited: Labyrinth.

You collected 2709 gold pieces.
You spent 182 gold pieces at shops.

Inventory:

Hand Weapons
 l - a +5 demon whip of protection
 O - the +10 demon trident of Peace (weapon) {vamp, MR+ Dex+4}
   (Trog gifted it to you on level 9 of the Dungeon)

   It inflicts no extra harm, but heals its wielder when it wounds a living foe.
   It affects your dexterity (+4).
   It affects your resistance to hostile enchantments.
 V - the +6 rapier of Onyrchyo {pierce, -Tele rPois Int-4 Dex+5, unknown}
   (You took it off a minotaur in a labyrinth)

   It inflicts extra damage upon your enemies.
   It affects your intelligence (-4).
   It affects your dexterity (+5).
   It protects you from poison.
   It prevents most forms of teleportation.
Missiles
 N - 5 poisoned javelins (quivered)
Armour
 d - a +0 chain mail
 f - a +3 chain mail of fire resistance (worn)
 n - a +1 pair of boots (worn)
 r - a +2 buckler
 w - a +0 pair of gloves (worn)
 J - a +0 shield
 L - a +0 cloak (worn)
 R - a +1 hat (worn)
 T - a +1 buckler of fire resistance (worn)
Jewellery
 t - an uncursed ring of protection from cold
 y - a ring of protection from magic (left hand)
 P - an uncursed ring of see invisible
 Q - a ring of poison resistance (right hand)
 U - an uncursed amulet of guardian spirit {unknown}
Wands
 b - a wand of scattershot (2/9)
 m - a wand of digging (15/24)
 z - a wand of enslavement (16/24)
 S - a wand of paralysis (17/24)
 W - a wand of iceblast (7/15)
Scrolls
 a - a scroll of magic mapping
 i - 26 scrolls of remove curse
 o - 3 scrolls of blinking
 u - 3 scrolls of recharging
 v - 9 scrolls of teleportation
 A - 3 scrolls of enchant weapon
 D - 2 scrolls of fog
 H - a scroll of enchant armour
 X - a scroll of identify
Potions
 e - 4 potions of flight
 g - 9 potions of curing
 h - 4 potions of brilliance
 j - 3 potions of heal wounds
 k - 2 potions of magic
 p - a potion of agility
 B - 2 potions of berserk rage
 C - a potion of ambrosia
 F - 5 potions of haste
 G - 4 potions of might
 I - 2 potions of invisibility
 K - 2 potions of resistance
 M - a potion of cancellation {unknown}
Books
 E - a book of Burglary

   Spells                             Type                      Level
   a - Swiftness                      Charms/Air                   2
   b - Passwall                       Transmutation/Earth          2
   c - Passage of Golubria            Translocation                4
   d - Lee's Rapid Deconstruction     Earth                        5
   e - Darkness                       Hexes                        6
   f - Invisibility                   Hexes                        6
   Trog disapproves of the use of such an item.
Comestibles
 c - 19 bread rations
 q - 15 royal jellies
 s - 11 meat rations
 x - 11 fruits


   Skills:
 + Level 15.3 Fighting
 + Level 15.3 Polearms
 + Level 14.9 Armour
 + Level 13.8 Dodging
 + Level 14.7 Shields


You had 14 spell levels left.
You didn't know any spells.

Dungeon Overview and Level Annotations

Branches:
Dungeon (15/15)            Temple (0/1) D:5            Lair (6/6) D:8
 Shoals (0/4) Lair:3        Snake (2/4) Lair:2        Slime (0/5) Lair:5
    Orc (2/2) D:12            Elf (0/3) Orc:2        Vaults (0/5) D:14
 Depths (0/5) D:15

Altars:
Cheibriados
Dithmenos
Fedhas
Gozag
Kikubaaqudgha
Makhleb
Nemelex Xobeh
Okawaru
Qazlal
Ru
Sif Muna
Trog
Vehumet
Wu Jian
Zin
Beogh

Shops:
Orc:2 *:**?   Snake:1 =}}

Annotations:
D:14 exclusion: Roxanne, Roxanne


Innate Abilities, Weirdness & Mutations

You reflexively headbutt those who attack you in melee.
You have a pair of horns on your head.


Message History

* * * LOW HITPOINT WARNING * * *
The shock serpent bites you but does no damage.
You hit the naga mage but do no damage. Your headbutt misses the naga mage.
The naga mage hits you but does no damage.
The naga mage barely misses you. You block the shock serpent's attack.
The naga ritualist spits poison at you. The splash of poison hits you!
You resist.
* * * LOW HITPOINT WARNING * * *
You impale the naga mage!!
The naga mage is severely wounded.
The shock serpent misses you. You furiously retaliate!
You headbutt the shock serpent, but do no damage.
You hit the naga mage.
The naga mage is severely wounded.
You feel sick. The naga mage hits you with a whip!
* * * LOW HITPOINT WARNING * * *
The naga mage barely misses you. The shock serpent bites you!
* * * LOW HITPOINT WARNING * * *
The shock serpent shocks you!
You die...

####..##..###...####
####..#...............#
###......................
####........................
#...)...####################
######.....### # ..........#####
####
##.####.......################...
#.## ####......@N...............
##..#### ##....NSS..........^....
.......###...........=...........
...)...........##.........####...
................#......).####....
..........####.......##### #.....
..≈≈.......# #......##♣♣♣♣♣#....#
..§§≈§.....###..#..##♣♣...♣#...##
≈§≈§§§§........##..#♣♣.∩..♣#..##


You could see a naga ritualist, 2 shock serpents and a naga mage.

Vanquished Creatures
  An orc warlord (Orc:2)
  Nessos (Lair:5)
  A quicksilver dragon zombie (D:15)
  Erolcha (D:9)
  A minotaur (Lab)
  Fannar (D:11)
  4 hydras
  3 centaur warriors (D:14)
  2 catoblepae
  An anaconda (Snake:2)
  The ghost of ilikecats the Ripper, a journeyman FeBe of Trog (Lair:6)
  5 two-headed ogres
  Erica (D:8)
  A deep troll shaman (Lair:6)
  4 death yaks (Lair:6)
  2 tengu warriors (D:15)
  3 naga sharpshooters (Snake:1)
  Nergalle (D:10)
  The ghost of anet the Magician, a novice DEWz of Ashenzari (D:9)
  6 skeletal warriors
  An unseen horror (D:11)
  A flayed ghost (D:15)
  A lindwurm (Lair:6)
  Pikel (D:6)
  A necromancer (D:15)
  3 orc knights
  A wizard (D:14)
  An orc sorcerer (Orc:2)
  10 deep elf magi
  9 ugly things
  A wolf spider (D:15)
  A stone giant zombie (D:15)
  A mana viper (Snake:1)
  A manticore (D:15)
  2 cyclopes
  4 oklob plants (Lair:5)
  21 elephants
  Psyche (D:8)
  Maurice (D:8)
  10 black mambas
  A gargoyle (D:11)
  4 kobold demonologists
  9 spiny frogs
  A rime drake (Lair:5)
  5 komodo dragons
  4 yaktaurs (D:14)
  A freezing wraith (D:15)
  A tengu conjurer (D:14)
  2 polar bears
  6 trolls
  A hornet (D:8)
  3 blink frogs (Lair:4)
  2 slime creatures (Lair:5)
  6 dream sheep
  An ettin zombie (D:15)
  17 hippogriffs
  Sigmund (D:4)
  A spriggan (Lair:4)
  3 wraiths
  A fire dragon skeleton (D:15)
  A wyvern (Lair:6)
  3 redbacks (Lab)
  38 yaks
  5 basilisks
  4 hungry ghosts
  Menkaure (D:6)
  2 wargs (Orc:2)
  Edmund (D:6)
  8 swamp worms (D:11)
  An acid dragon (D:11)
  12 nagas
  11 porcupines
  24 water moccasins
  37 orc warriors
  2 slaves (D:6)
  3 ice beasts
  4 phantoms
  6 sky beasts
  An eye of draining (shapeshifter) (D:15)
  3 black bears
  6 ogres
  2 necrophages
  15 wolves
  25 centaurs
  3 eyes of draining
  16 crocodiles
  Blork the orc (D:4)
  5 big kobolds
  15 bullfrogs
  A wyvern zombie (D:9)
  2 scorpions
  14 killer bees
  9 wights (D:14)
  2 spriggan skeletons (Lab)
  5 howler monkeys
  A troll skeleton (Lab)
  2 electric eels (D:10)
  10 crimson imps
  2 bullfrog zombies
  2 centaur zombies (D:9)
  11 hounds
  2 lava snakes (Snake:1)
  7 jellies
  2 gnoll shamans
  9 orc priests
  2 quasits
  4 bullfrog skeletons
  6 centaur skeletons
  2 iguanas
  19 orc wizards
  10 worker ants
  A killer bee zombie (D:9)
  A hound zombie (D:4)
  A hound skeleton (D:7)
  11 gnolls
  2 howler monkey skeletons
  10 adders
  5 shadow imps
  6 oozes
  An adder zombie (D:7)
  4 adder skeletons
  11 worms (D:11)
  A dart slug (D:1)
  5 leopard geckos
  57 orcs
  3 ball pythons
  5 giant cockroaches
  7 goblins
  7 hobgoblins
  12 jackals
  19 kobolds
  8 quokkas
  5 bats
  2 frilled lizards
  9 rats
  15 fungi (D:8)
  18 plants
788 creatures vanquished.

Vanquished Creatures (others)
  A black mamba (Snake:2)
  A slave (D:6)
  A hound (D:6)
  An orc priest (Orc:2)
  3 jackals
  4 fungi
  3 plants
14 creatures vanquished.

Grand Total: 802 creatures vanquished

Notes
Turn   | Place    | Note
-------+----------+-------------------------------------------
     0 | D:1      | nikopol the Minotaur Berserker began the quest for the Orb.
     0 | D:1      | Reached XP level 1. HP: 19/19 MP: 0/0
   138 | D:1      | Reached XP level 2. HP: 27/27 MP: 1/1
   805 | D:2      | Reached XP level 3. HP: 33/33 MP: 2/2
   850 | D:2      | Found a bloodstained altar of Trog.
  1089 | D:2      | Reached ** piety under Trog
  1600 | D:3      | Found an opulent altar of Gozag.
  1670 | D:3      | Found a sparkling altar of Nemelex Xobeh.
  1673 | D:3      | Found an ancient bone altar of Kikubaaqudgha.
  1679 | D:3      | Found a deep blue altar of Sif Muna.
  1764 | D:3      | Found a faded altar of an unknown god.
  2044 | D:3      | Found a sacrificial altar of Ru.
  2154 | D:3      | Found a radiant altar of Vehumet.
  2234 | D:3      | Found a burning altar of Makhleb.
  2358 | D:4      | Reached XP level 4. HP: 40/40 MP: 3/3
  2386 | D:4      | Found a shadowy altar of Dithmenos.
  2413 | D:4      | Noticed Blork the orc
  2436 | D:4      | Killed Blork the orc
  2436 | D:4      | Reached skill level 1 in Shields
  2436 | D:4      | Reached XP level 5. HP: 14/47 MP: 4/4
  2724 | D:4      | Noticed Sigmund
  2741 | D:4      | Killed Sigmund
  2741 | D:4      | Reached skill level 5 in Polearms
  2741 | D:4      | Reached XP level 6. HP: 52/55 MP: 5/5
  2852 | D:4      | Reached skill level 5 in Fighting
  2941 | D:4      | Reached XP level 7. HP: 43/61 MP: 6/6
  3108 | D:4      | Found a snail-covered altar of Cheibriados.
  3119 | D:4      | Found a glowing silver altar of Zin.
  3255 | D:5      | Entered Level 5 of the Dungeon
  3711 | D:5      | Found a staircase to the Ecumenical Temple.
  3878 | D:5      | Reached *** piety under Trog
  3994 | D:6      | Reached skill level 5 in Armour
  4093 | D:6      | HP: 2/61 [gnoll/spear (2)]
  4226 | D:6      | Noticed Menkaure
  4238 | D:6      | Killed Menkaure
  4238 | D:6      | Reached skill level 5 in Dodging
  4549 | D:6      | Reached XP level 8. HP: 70/70 MP: 7/7
  4677 | D:6      | Noticed Pikel
  4705 | D:6      | Killed Pikel
  4705 | D:6      | Reached skill level 5 in Shields
  4806 | D:6      | Noticed Edmund
  4821 | D:6      | Killed Edmund
  4991 | D:6      | Found a stormy altar of Qazlal.
  5431 | D:7      | Reached XP level 9. HP: 60/79 MP: 8/8
  5590 | D:7      | Found an ornate altar of the Wu Jian Council.
  5617 | D:7      | Reached **** piety under Trog
  5985 | D:8      | Noticed Erica
  5999 | D:8      | Killed Erica
  6423 | D:8      | Noticed Psyche
  6432 | D:8      | Killed Psyche
  6513 | D:8      | Reached XP level 10. HP: 49/90 MP: 9/9
  6919 | D:8      | Found an iron altar of Okawaru.
  7045 | D:8      | Found an iron altar of Okawaru.
  7331 | D:8      | Found a staircase to the Lair.
  7412 | D:8      | Paralysed by a hornet for 2 turns
  7698 | D:8      | Noticed Maurice
  7734 | D:8      | Killed Maurice
  7929 | D:9      | Noticed Erolcha
  7943 | D:9      | Killed Erolcha
  8066 | D:9      | Noticed anet's ghost (novice DEWz)
  8088 | D:9      | Killed anet's ghost
  8569 | D:9      | Reached ***** piety under Trog
  8655 | D:9      | Noticed a two-headed ogre
  8668 | D:9      | Killed a two-headed ogre
  8668 | D:9      | Reached skill level 10 in Fighting
  8668 | D:9      | Reached skill level 10 in Polearms
  8668 | D:9      | Reached XP level 11. HP: 59/99 MP: 10/10
  9109 | D:9      | Received a gift from Trog
  9112 | D:9      | Got a fine demon trident {god gift}
  9114 | D:9      | Identified the +10 demon trident of Peace {vamp, MR+ Dex+4} (Trog gifted it to you on level 9 of the Dungeon)
  9295 | Lair:1   | Entered Level 1 of the Lair of Beasts
  9386 | Lair:1   | Found a frozen archway.
  9953 | Lair:1   | Reached skill level 10 in Armour
 10387 | Lair:2   | Found a staircase to the Snake Pit.
 11107 | Lair:3   | Found a staircase to the Shoals.
 11115 | Lair:3   | Reached skill level 10 in Shields
 11373 | Lair:3   | Reached XP level 12. HP: 110/110 MP: 11/11
 11645 | Lair:3   | Noticed a six-headed hydra
 11653 | Lair:3   | Killed a six-headed hydra
 11653 | Lair:3   | Reached skill level 10 in Dodging
 13331 | Lair:5   | Noticed Nessos
 13341 | Lair:5   | Killed Nessos
 13683 | Lair:5   | Noticed a catoblepas
 13696 | Lair:5   | Killed a catoblepas
 13868 | Lair:5   | Found a staircase to the Slime Pits.
 14098 | Lair:5   | Reached XP level 13. HP: 119/119 MP: 12/12
 14370 | Lair:6   | Entered Level 6 of the Lair of Beasts
 14433 | Lair:6   | Received a gift from Trog
 14598 | Lair:6   | Received a gift from Trog
 14799 | Lair:6   | Noticed ilikecats's ghost (journeyman FeBe)
 14810 | Lair:6   | Killed ilikecats's ghost
 15847 | Lair:1   | Reached XP level 14. HP: 130/130 MP: 13/13
 15958 | D:10     | Entered Level 10 of the Dungeon
 16183 | D:10     | Received a gift from Trog
 16384 | D:10     | Noticed Nergalle
 16393 | D:10     | Killed Nergalle
 17492 | D:11     | Reached ****** piety under Trog
 17615 | D:11     | Noticed Fannar
 17627 | D:11     | Killed Fannar
 17727 | D:12     | Found a blossoming altar of Fedhas.
 17751 | D:12     | Found a labyrinth entrance.
 17760 | Lab      | Entered a labyrinth
 18175 | Lab      | Got a vibrating jade ring
 18184 | Lab      | Got a fine rapier {pierce}
 18190 | Lab      | Paralysed by fainting for 8 turns
 18258 | D:12     | Received a gift from Trog
 18755 | D:12     | Found a staircase to the Orcish Mines.
 19028 | D:12     | Found an ornate altar of the Wu Jian Council.
 19214 | Orc:1    | Entered Level 1 of the Orcish Mines
 19214 | Orc:1    | Found a roughly hewn altar of Beogh.
 19321 | Orc:2    | Entered Level 2 of the Orcish Mines
 19898 | Orc:1    | Identified the ring of a Billion Stars {*Tele Str+4} (You found it in a labyrinth)
 20231 | Orc:2    | Noticed an orc warlord
 20490 | Orc:2    | Killed an orc warlord
 20557 | Orc:2    | Received a gift from Trog
 21323 | Orc:2    | Found Lapnel's Assorted Antiques.
 21365 | Orc:2    | Found a staircase to the Elven Halls.
 21539 | Orc:2    | Found Haisu's Assorted Antiques.
 21539 | Orc:2    | Found Cogetz's General Store.
 21541 | Orc:2    | Found Selaufing's Book Boutique.
 21543 | Orc:2    | Found Rirghiohu's Magic Scroll Emporium.
 21547 | Orc:2    | Bought a glowing hat for 182 gold pieces
 22732 | D:14     | Received a gift from Trog
 22790 | D:14     | Reached XP level 15. HP: 125/139 MP: 14/14
 22872 | D:14     | Found a gate to the Vaults.
 23234 | D:14     | Noticed Roxanne
 23633 | D:15     | Entered Level 15 of the Dungeon
 23708 | D:15     | Received a gift from Trog
 23825 | D:15     | Found a staircase to the Depths.
 23948 | D:15     | Reached skill level 15 in Fighting
 24112 | D:15     | Reached skill level 15 in Polearms
 25000 | Snake:1  | Entered Level 1 of the Snake Pit
 25430 | Snake:1  | Found Onocsim's Gadget Emporium.
 25432 | Snake:1  | Found Ruowo's Jewellery Shop.
 25433 | Snake:1  | Found Numeiff's Gadget Emporium.
 25615 | Snake:1  | Slain by a shock serpent

Vault maps used:
D:1:      minmay_arrival_three_doors
D:2:      lemuel_coloured_pillars_altar
D:3:      bloody_makhleb, fiery_altar_vehumet,
          nicolae_gozag_cash_rules_everything_around_me, lemuel_doored_altar,
          grunt_temple_overflow_diamond, chequers_ecumenical_altar_simple,
          first_bread
D:4:      zin_academy, cheibriados_altar_1, grunt_dithmenos_smoke,
          uniq_blork_the_orc, uniq_sigmund
D:5:      minmay_temple_entry_statues_fountains
D:6:      nicolae_overflow_crystal_walls, uniq_menkaure, uniq_edmund, uniq_pikel
D:7:      basic_altar
D:8:      kennysheep_mini, grunt_lair_entry_orc_guard_hut,
          okawaru_altar_gauntlet_db, uniq_maurice, uniq_psyche, uniq_erica
D:9:      hangedman_little_slice_of_home, uniq_erolcha
D:10:     minmay_cornered_nines, uniq_nergalle
D:11:     worms_lemuel, uniq_fannar
D:12:     orc_0_dummy, lab_entry_generic, hangedman_feature_mirror,
          dk_noncrumbling_4
D:13:     minivault_1
D:14:     hangedman_vaults_entry_quadrant_bands, kennysheep_generic_room_16,
          uniq_roxanne
D:15:     gammafunk_depths_entry_grave, hangedman_abyss_or_decor_stagger,
          elves_outpost_lemuel
Lair:1:   minmay_guarded_unrand_snakebite, portal_ice_cave_entry_pillars_2,
          minivault_11, beast_lair_carwin_9, grunt_megastairs_5,
          infiniplex_staircase_pool
Lair:2:   guppyfry_snake_entry_island, grunt_megastairs_2
Lair:3:   minmay_shoals_entry_centaurs, st_stairs_10, patterned_corridor
Lair:4:   grunt_forest_large_clearing_hut
Lair:5:   minmay_slime_entry_pillars, small_statue_intersection,
          beast_lair_carwin_1, minmay_lair_oklob_chamber, uniq_nessos
Lair:6:   grunt_lair_end_beastmaster
Snake:1:  nicolae_snake_serpentine_hallways, nicolae_snake_lava_pool,
          minmay_shop_grove
Snake:2:  uniq_donald
Orc:1:    nicolae_orc_accident_1, basic_altar
Orc:2:    st_orc_rangers, serial_shops,
          nicolae_shop_temple_entry_statues_fountains
Lab:      labyrinth_spiral, labyrinth_glass_1, nicolae_lab_quarters, lab_statue,
          nicolae_lab_garden, nicolae_lab_plus, nicolae_lab_do_over,
          nicolae_lab_lava, nicolae_lab_very_dead_end, nicolae_lab_hexagon,
          labyrinth_skeletal_remains

Skill      XL: |  1  2  3  4  5  6  7  8  9 10 11 12 13 14 15 |
---------------+----------------------------------------------+-----
Polearms       | 4 5 6 7 8 10 11 12 13 14 15 | 15.3
Fighting       | 4 5 7 8 10 11 12 13 14 15 | 15.3
Armour         | 3 4 5 6 7 9 10 12 13 14 | 14.9
Dodging        | 3 4 5 6 7 8 9 10 12 13 | 13.8
Shields        | 1 2 3 4 6 7 9 10 11 12 13 14 | 14.7

Action                   |  1- 3 |  4- 6 |  7- 9 | 10-12 | 13-15 || total
-------------------------+-------+-------+-------+-------+-------++-------
Melee: Spear             |   120 |    38 |       |       |       ||   158
       Headbutt          |    15 |    18 |    58 |   157 |   324 ||   572
       Trident           |       |    46 |   318 |   309 |       ||   673
       Demon trident     |       |       |       |   430 |  1617 ||  2047
Invok: Berserk           |       |     1 |     2 |     2 |     5 ||    10
       Trog's Hand       |       |       |     1 |       |       ||     1
       Burn Spellbooks   |       |       |     1 |     2 |       ||     3
  Use: Potion            |       |       |     2 |       |       ||     2
       Scroll            |       |       |     7 |    13 |    13 ||    33
 Stab: Invisible         |       |       |     1 |       |       ||     1
       Petrified         |       |       |       |       |    16 ||    16
  Eat: Chunk             |     4 |     3 |    12 |    25 |    39 ||    83
       Fruit             |       |       |     3 |       |     3 ||     6
       Royal jelly       |       |       |       |     4 |       ||     4
Armor: Chain mail        |    41 |    51 |    97 |   218 |   267 ||   674
Dodge: Dodged            |    37 |    30 |   131 |   217 |   443 ||   858
Block: Buckler           |     5 |    15 |    85 |   176 |   392 ||   673
